 Dungeon Crawl Stone Soup version 0.30.1-4-g462c640d31 (webtiles) character file.

Game seed: 1379907554614216681

1723 Almogavar the Cleaver (level 9, -8/75 HPs)
             Began as a Hill Orc Fighter on Aug 24, 2023.
             Was a Follower of Okawaru.
             Killed from afar by an electric eel (15 damage)
             ... with a bolt of electricity
             ... on level 8 of the Dungeon.
             The game lasted 00:13:52 (3912 turns).

Almogavar the Cleaver (Hill Orc Fighter)            Turns: 3912, Time: 00:13:53

Health: -8/75      AC: 11    Str: 23    XL:     9   Next: 4%
Magic:  9/9        EV:  9    Int:  8    God:    Okawaru [*.....]
Gold:   294        SH:  5    Dex: 10    Spells: 8/8 levels left

rFire   + . .        z - +2 hand axe (elec)
rCold   + . .        c - +0 buckler
rNeg    + . .        b - +0 scale mail
rPois   .            j - +2 helmet
rElec   .            w - scarf {rC+ rF+}
rCorr   +            (no gloves)
SInv    .            (no boots)
Will    .....        (no amulet) Stlth
                     m - ring of positive energy
HPRegen 0.32/turn    r - ring of resist corrosion
MPRegen 0.11/turn

%: no passive effects
@: no status effects
A: no striking features
a: Renounce Religion, Heroism


You were on level 8 of the Dungeon.
You worshipped Okawaru.
Okawaru was aware of your devotion.
You visited 1 branch of the dungeon, and saw 6 of its levels.
You also visited: Sewer.

You collected 294 gold pieces.

Inventory:

Hand Weapons
 z - a +2 hand axe of electrocution (weapon)
 B - a +5 war axe
Armour
 b - a +0 scale mail (worn)
 c - a +0 buckler (worn)
 j - a +2 helmet (worn)
 w - a scarf of resistance (worn)
Magical Staves
 g - a staff of earth
Jewellery
 m - a ring of positive energy (left hand)
 n - a ring of magical power
 p - a +4 ring of protection
 r - a ring of resist corrosion (right hand)
Wands
 D - a wand of roots (8)
Scrolls
 a - a scroll of fog
 h - 2 scrolls of enchant weapon
 i - a scroll of teleportation {unknown}
 o - a scroll of fear
 s - a scroll of magic mapping {unknown}
 t - a scroll of brand weapon {unknown}
 y - a scroll of noise {unknown}
 A - a scroll of poison {unknown}
Potions
 d - 3 potions of might
 e - 2 potions of invisibility
 f - 5 potions of brilliance
 k - a potion of ambrosia
 l - 5 potions of curing
 q - 2 potions of mutation {unknown}
 u - 2 potions of heal wounds {unknown}
 v - a potion of haste {unknown}
 x - 2 potions of flight {unknown}
 C - a potion of cancellation {unknown}


   Skills:
 + Level 6.1 Fighting
 + Level 10.7 Axes
 + Level 6.9 Armour
 - Level 0.6 Stealth
 + Level 5.1 Shields


You had 8 spell levels left.
You didn't know any spells.
Your spell library contained the following spells:

 Spells                   Type           Power      Damage    Failure   Level
 Kiss of Death            Conj/Necr      0%         2d5       77%         1
 Confusing Touch          Hex            0%         N/A       98%         3
 Dispel Undead            Necr           0%         3d6       100%        4


Dungeon Overview and Level Annotations

Branches:
Dungeon (5/15)             Temple (0/1) D:5           Sewer (visited)

Altars:
Cheibriados
Okawaru
Uskayaw

Shops:
D:2 (   D:4 [   D:5 (=[(


Message History

Your experience leads to an increase in your attributes!
Increase (S)trength, (I)ntelligence, or (D)exterity?
You feel stronger. x2
You start resting.
HP restored.
There are monsters nearby!
Found 5 stones.
There is a stone staircase leading down here.
There is a stone staircase leading down here.
The electric eel shoots out a bolt of lightning at you!
The bolt of electricity hits you!
You see here a howler monkey corpse.
The electric eel shoots out a bolt of lightning at you!
The bolt of electricity hits you!
The electric eel shoots out a bolt of lightning at you!
The bolt of electricity hits you.
You see here 8 gold pieces.
The electric eel shoots out a bolt of lightning at you!
The bolt of electricity hits you.
The electric eel shoots out a bolt of lightning at you!
The bolt of electricity hits you but does no damage.
The electric eel shoots out a bolt of lightning at you!
The bolt of electricity hits you! x2
The bolt of electricity hits the electric eel.
The electric eel completely resists.
The electric eel shoots out a bolt of lightning at you!
The bolt of electricity hits you.
The electric eel shoots out a bolt of lightning at you!
The bolt of electricity hits you!
* * * LOW HITPOINT WARNING * * *
The electric eel shoots out a bolt of lightning at you!
The bolt of electricity misses you.
The electric eel shoots out a bolt of lightning at you!
The bolt of electricity misses you.
The electric eel shoots out a bolt of lightning at you!
The bolt of electricity hits you.
* * * LOW HITPOINT WARNING * * *
The electric eel shoots out a bolt of lightning at you!
The bolt of electricity hits you!
You die...

####................#.#
#####.#####.#.####.##.#
#...........#.#....)#.####
#.###.#######.#.##).#....#
###'###.# #.#.##))#..#.#
......††# #.#.##.......#
.......$# #.#.###.#..###
........#######.#.#...#..######
...............@....###.......#
...~≈~~.............# #.####.##
..~~~≈≈SS...........###.#
.~~≈≈≈≈≈≈...≈~........).#
..~~≈≈≈~~...~................#
...~~~≈~...........###########
...................#
###+###............#
#######+####


You could see an electric eel.

Vanquished Creatures
  Pikel (D:4)
  A steam dragon (D:8)
  2 black bears
  2 lemures (D:4)
  A bullfrog (D:8)
  3 scorpions (D:5)
  4 wights (D:5)
  A howler monkey (D:8)
  An orc priest (D:5)
  A gnoll bouda (D:8)
  3 iguanas
  2 orc wizards (D:5)
  A hell rat (Sewer)
  Robin (D:4)
  6 gnolls
  5 adders
  2 river rats
  A white imp (D:5)
  A worm (D:3)
  A dart slug (D:2)
  7 orcs
  7 ball pythons
  4 endoplasms
  9 giant cockroaches
  9 hobgoblins
  6 jackals
  7 kobolds
  5 quokkas
  7 bats (D:1)
  4 frilled lizards
  19 goblins
  11 rats
135 creatures vanquished.

Notes
Turn   | Place    | Note
-------+----------+-------------------------------------------
     0 | D:1      | Almogavar the Hill Orc Fighter began the quest for the Orb.
     0 | D:1      | Reached XP level 1. HP: 19/19 MP: 1/1
   182 | D:1      | Reached XP level 2. HP: 27/27 MP: 2/2
   203 | D:1      | Reached skill level 3 in Axes
   252 | D:1      | Reached XP level 3. HP: 9/33 MP: 3/3
   699 | D:2      | Reached skill level 4 in Axes
   699 | D:2      | Reached XP level 4. HP: 36/40 MP: 4/4
  1438 | D:2      | Found Nutryjoc's Weapon Shoppe.
  1584 | D:3      | Found a snail-covered altar of Cheibriados.
  1732 | D:3      | Reached XP level 5. HP: 46/46 MP: 5/5
  1762 | D:3      | Reached skill level 5 in Axes
  1928 | D:3      | Found a glowing drain.
  1948 | Sewer    | Entered a sewer
  2183 | D:4      | Noticed Pikel
  2183 | D:4      | Noticed a lemure
  2183 | D:4      | Noticed a lemure
  2183 | D:4      | Noticed a lemure
  2183 | D:4      | Noticed a lemure
  2196 | D:4      | Killed a lemure
  2200 | D:4      | Noticed a black bear
  2205 | D:4      | Killed a lemure
  2209 | D:4      | Killed Pikel
  2210 | D:4      | Reached skill level 5 in Fighting
  2210 | D:4      | Reached skill level 8 in Axes
  2210 | D:4      | Reached skill level 5 in Armour
  2210 | D:4      | Reached XP level 6. HP: 16/56 MP: 6/6
  2210 | D:4      | Reached XP level 7. HP: 18/61 MP: 7/7
  2566 | D:4      | Noticed Robin
  2576 | D:4      | Killed Robin
  2798 | D:4      | Found Mirod's Armour Shoppe.
  2940 | D:4      | Found an iron altar of Okawaru.
  2947 | D:4      | Became a worshipper of Warmaster Okawaru
  2965 | D:4      | Found a hide-covered altar of Uskayaw.
  3042 | D:5      | Entered Level 5 of the Dungeon
  3064 | D:5      | Reached XP level 8. HP: 61/69 MP: 8/8
  3113 | D:5      | Found Doiqaw's Weapon Shoppe.
  3144 | D:5      | Reached skill level 9 in Axes
  3211 | D:5      | Found Boovogiy's Armour Shoppe.
  3347 | D:5      | Found Maijom's Jewellery Boutique.
  3362 | D:5      | Found Kixoaps's Antique Weapon Shop.
  3401 | D:5      | Reached * piety under Okawaru
  3430 | D:5      | Reached skill level 10 in Axes
  3651 | D:5      | Found a staircase to the Ecumenical Temple.
  3657 | D:5      | You fall into a shaft and drop 3 floors!
  3693 | D:8      | Reached skill level 5 in Shields
  3748 | D:8      | Reached XP level 9. HP: 31/75 MP: 9/9
  3912 | D:8      | Killed from afar by an electric eel

Illustrated notes

Levels and vault maps discovered:
D:1:      nagdon_arrival_double_spiral, layout_basic
D:2:      layout_basic, serial_glass, glass_columns_b, glass_columns_c,
          glass_columns_a, glass_columns_b, serial_shops,
          nicolae_shop_just_a_little_nook, minmay_pentomino_o4
D:3:      layout_rooms, cheibriados_altar_1, portal_sewer_entry_b,
          minmay_stone_trees_small, minmay_surrounded
D:4:      layout_basic, mainiacjoe_overflow_big_doors, serial_shops,
          nicolae_take_the_stairs, corner_web_ring, uniq_pikel, uniq_robin
D:5:      layout_basic, minmay_temple_entry_ruins, serial_shops, shop,
          nicolae_shop_crystal, shop, shop, st_stairs_13
D:8:      layout_basic, nicolae_wu_jian_immortal_techniques,
          fedhas_bush_and_centaur_altar

Skill      XL: |  1  2  3  4  5  6  7  8 |
---------------+-------------------------+-----
Fighting       | 4 5 6 |  6.1
Axes           | 3 4 8 10 | 10.7
Armour         | 4 5 6 |  6.9
Shields        | 4 5 |  5.1
Stealth        | |  0.6

Action                     |  1- 3 |  4- 6 |  7- 9 || total
---------------------------+-------+-------+-------++-------
  Melee: War axe           |    77 |   146 |    60 ||   283
         Hand axe          |       |       |    85 ||    85
    Use: Scroll            |     1 |     4 |     5 ||    10
         Potion            |       |     1 |       ||     1
 Armour: Scale mail        |    34 |    73 |    82 ||   189
  Dodge: Dodged            |    53 |    57 |    53 ||   163
  Block: Buckler           |    16 |    34 |    35 ||    85
